 Dungeon Crawl Stone Soup version 0.30-a0-29-g142975f185 (webtiles) character file.

Game seed: 16281098616113024088

9 xian the Chopper (level 2, 0/22 HPs)
             Began as a Formicid Gladiator on Aug 26, 2022.
             Slain by a kobold
             ... wielding a +1 dagger of venom
              (2 damage)
             ... on level 1 of the Dungeon.
             The game lasted 00:01:11 (223 turns).

xian the Chopper (Formicid Gladiator)                Turns: 223, Time: 00:01:12

Health: 0/22       AC:  3    Str: 18    XL:     2   Next: 25%
Magic:  2/2        EV: 12    Int:  7    God:
Gold:   6          SH:  0    Dex: 15    Spells: 1/1 levels left

rFire   . . .      SeeInvis +    a - +0 war axe
rCold   . . .      Faith    .    (no shield)
rNeg    . . .      Spirit   .    b - +0 leather armour
rPois   .          Reflect  .    (helmet unavailable)
rElec   .          Harm     .    (no cloak)
rCorr   .          Rampage  .    (no gloves)
Will    .....                    (no boots)
Stlth   +.........               (no amulet)
HPRegen 0.07/turn                (no ring)
MPRegen 0.08/turn                (no ring)

@: lethally poisoned (0 -> -31)
A: permanent stasis, dig shafts and tunnels, antennae 3, four strong arms
a: Dig, Shaft Self


You were on level 1 of the Dungeon.
You visited 1 branch of the dungeon, and saw 1 of its levels.

You collected 6 gold pieces.

Inventory:

Hand Weapons
 a - a +0 war axe (weapon)
Missiles
 c - 3 throwing nets
 d - a javelin (quivered)
Armour
 b - a +0 leather armour (worn)
Scrolls
 e - a scroll of vulnerability {unknown}
Potions
 f - a potion of resistance {unknown}
 g - a potion of heal wounds {unknown}
 h - a potion of flight {unknown}


   Skills:
 + Level 2.2 Fighting
 + Level 3.1 Axes
 + Level 2.0 Throwing
 - Level 3.1 Dodging


You had one spell level left.
You didn't know any spells.
Your spell library was empty.

Dungeon Overview and Level Annotations

Branches:
Dungeon (1/15)

Altars:


Innate Abilities, Weirdness & Mutations

You cannot be hasted, slowed, berserked, paralysed or teleported.
You can dig through walls and to a lower floor.
You have a pair of large antennae on your head. (SInv)
Your four strong arms can wield two-handed weapons with a shield.


Message History

Things that are here:
a +0 club; a bat corpse You now have 6 gold pieces.
Annotate which branch? (. - D:1, ? - help, ! - show branch list)
Okay, then.
HP restored.
You sense a monster nearby.
h - a sapphire potion You sense a monster nearby.
A kobold comes into view. It is wielding a +1 dagger of venom.
Found a scroll labelled JORHEAK EDUNT, 2 clear potions and a leather armour.
The kobold shouts!
You hear a shout!
A rat comes into view.
A kobold comes into view. It is wielding a +0 dagger.
You barely miss the kobold. The kobold barely misses you.
You hit the kobold but do no damage.
The kobold hits you with a +1 dagger of venom.
You are poisoned.
The kobold completely misses you.
You barely miss the kobold.
You feel very sick.
The kobold hits you with a +1 dagger of venom.
You are lethally poisoned!
You hit the kobold.
The kobold is heavily wounded.
You closely miss the rat.
You feel very sick.
The kobold hits you with a +1 dagger of venom.
You are more poisoned.
The rat bites you but does no damage.
You barely miss the kobold.
The kobold is heavily wounded.
You slash the rat!
You kill the rat!
* * * LOW HITPOINT WARNING * * *
You feel extremely sick. The kobold hits you but does no damage.
You are more poisoned.
The kobold hits you with a +1 dagger of venom.
You die...

.. [# .#### ?! ..#
##.# #.# #.. #.#
...####K## #.#
......K@.###.##
...####..##...#####
#............#
#...##...###.#
#...###.####.#####.
#..................
#..####.####)#####.
..## #..# #...##.#
..##.#..# ###.##.#


You could see 2 kobolds.

Vanquished Creatures
  A dart slug (D:1)
  A bat (D:1)
  A giant cockroach (D:1)
  A kobold (D:1)
  2 ball pythons (D:1)
  2 rats (D:1)
8 creatures vanquished.

Notes
Turn   | Place    | Note
-------+----------+-------------------------------------------
     0 | D:1      | xian the Formicid Gladiator began the quest for the Orb.
     0 | D:1      | Reached XP level 1. HP: 16/16 MP: 1/1
   113 | D:1      | Reached XP level 2. HP: 21/22 MP: 2/2
   223 | D:1      | Slain by a kobold

Illustrated notes

Levels and vault maps discovered:
D:1:      sevenhm_arrival_forest_fort_large_2, layout_loops_ring, st_stairs_2

Skill      XL: |  1 |
---------------+----+-----
Dodging        | 3 |  3.1
Fighting       | |  2.2
Axes           | |  3.1
Throwing       | |  2.0

Action                   || total
-------------------------++-------
Melee: War axe           ||    24
Armor: Leather armour    ||    10
Dodge: Dodged            ||    26

Table legend: (Time is in decaauts)
 A = Elapsed time spent in this place.
 B = Non-inter-level travel time spent in this place.
 C = Inter-level travel time spent in this place.
 D = Time resting spent in this place.
 E = Time spent auto-exploring this place.
 F = Levels seen in this place.
 G = Mean time per level.
                   A        B        C        D        E       F      G
               +--------+--------+--------+--------+--------+-----+--------+
         Total |    230 |    230 |      0 |      0 |    139 |   1 |  230.0 |
       Dungeon |    230 |    230 |      0 |      0 |    139 |   1 |  230.0 |
               +--------+--------+--------+--------+--------+-----+--------+

Top non-repeatable levels by time:
     D:1: 230 daAuts
